 Dungeon Crawl Stone Soup version 0.29-a0-96-g93358da (webtiles) character file.

Game seed: 9433091748822015755

131526 Dorkslayer the Severer (level 16, -8/148 HPs)
             Began as a Deep Dwarf Fighter on Feb 10, 2022.
             Was an Initiate of Gozag.
             Mangled by a merfolk (12 damage)
             ... on level 2 of the Shoals.
             The game lasted 02:04:24 (20809 turns).

Dorkslayer the Severer (Deep Dwarf Fighter)        Turns: 20809, Time: 02:04:24

Health: -8/148     AC: 28    Str: 39    XL:     16   Next: 55%
Magic:  13/13      EV: 10    Int:  7    God:    Gozag
Gold:   2333       SH: 19    Dex: 14    Spells: 33/33 levels left

rFire   . . .      SeeInvis +   g - +10 war axe of Foul Odours {flame, rElec rPois Str-2 Stlth+}
rCold   . . .      Faith    .   S - +1 kite shield {rN+}
rNeg    + + .      Spirit   .   O - +1 plate armour {Will+}
rPois   +          Reflect  +   P - +0 helmet {SInv}
rElec   +          Harm     .   o - +1 cloak {rPois}
rCorr   .          Rampage  .   N - +2 pair of gloves of Least Resistance {rPois Str+7 Int-4}
Will    +++..                   Q - +2 pair of boots
Stlth   +.........              A - amulet of reflection
HPRegen 0.00/turn               j - ring of flight
MPRegen 0.13/turn               B - +6 ring of strength

@: gold aura, flying, mesmerised, studying Stealth
A: damage resistance, heal wounds, negative energy resistance 1, sense
surroundings 2, no regeneration, agile 1, strong 1
a: Heal Wounds, Renounce Religion, Potion Petition, Call Merchant, Bribe Branch


You were on level 2 of the Shoals.
You worshipped Gozag.
Gozag was most pleased with you.
You visited 5 branches of the dungeon, and saw 26 of its levels.
You also visited: Sewer and Gauntlet.

You collected 9466 gold pieces.
You spent 5482 gold pieces at shops.
You paid 1651 gold pieces to Gozag.

Inventory:

Hand Weapons
 g - the +10 war axe of Foul Odours (weapon) {flame, rElec rPois Str-2 Stlth+}
   (You found it on level 2 of the Dungeon)

   It burns those it strikes, dealing additional fire damage.
   Big, fiery blades are also staple armaments of hydra-hunters.
   Str:       It affects your strength (-2).
   rElec:     It insulates you from electricity.
   rPois:     It protects you from poison.
   Stlth:     It makes you more stealthy.
 K - a +1 scimitar
 T - a +4 vorpal double sword
Missiles
 e - 8 javelins (quivered)
 v - 15 boomerangs
 C - 5 silver javelins
 J - a boomerang of dispersal
Armour
 o - a +1 cloak of poison resistance (worn)
 M - a +1 kite shield of reflection
 N - the +2 pair of gloves of Least Resistance (worn) {rPois Str+7 Int-4}
   (You bought it in a shop on level 13 of the Dungeon)

   Str:       It affects your strength (+7).
   Int:       It affects your intelligence (-4).
   rPois:     It protects you from poison.
 O - a +1 plate armour of willpower (worn)
 P - a +0 helmet of see invisible (worn)
 Q - a +2 pair of boots (worn)
 S - a +1 kite shield of positive energy (worn)
Jewellery
 d - an amulet of faith
 h - the ring of the Coward {+Blink rF++ rC+}
   (You found it in a sewer)

   [ring of protection from cold]

   rF:        It greatly protects you from fire.
   rC:        It protects you from cold.
   +Blink:    It lets you blink.
 j - a ring of flight (left hand)
 x - a +4 ring of evasion
 A - an amulet of reflection (around neck)
 B - a +6 ring of strength (right hand)
Wands
 a - a wand of polymorph (14)
 n - a wand of digging (4)
 s - a wand of flame (60)
 u - a wand of paralysis (1)
 L - a wand of charming (4)
 V - a wand of iceblast (2)
Scrolls
 c - 8 scrolls of identify
 f - 7 scrolls of blinking
 i - a scroll of fear
 q - 9 scrolls of teleportation
 r - a scroll of summoning
 w - 5 scrolls of enchant weapon
 y - 5 scrolls of immolation
 z - 3 scrolls of fog
 G - a scroll of enchant armour
 W - a scroll of silence
Potions
 b - 6 potions of flight
 k - 4 potions of magic
 l - 6 potions of curing
 m - 2 potions of cancellation
 p - a potion of invisibility
 D - a potion of brilliance
 E - 4 potions of berserk rage
 F - a potion of mutation
 I - 2 potions of resistance
 Y - 3 potions of might
Miscellaneous
 H - a tin of tremorstones (inert)
 R - a condenser vane
 U - a lightning rod (4/4)


   Skills:
 * Level 10.8 Fighting
 + Level 3.3 Long Blades
 + Level 15.0 Axes
 + Level 7.8 Throwing
 * Level 12.6 Armour
 + Level 4.3 Dodging
 * Level 8.3 Stealth
 * Level 13.9 Shields
 * Level 9.3 Spellcasting
 * Level 14.2 Evocations


You had 33 spell levels left.
You didn't know any spells.
Your spell library contained the following spells:

 Spells                   Type           Power      Damage    Failure   Level
 Beastly Appendage        Tmut           6%         N/A       80%         1
 Freeze                   Ice            12%        1d4       80%         1
 Sandblast                Erth           6%         2d5       80%         1
 Ensorcelled Hibernation  Hex/Ice        6%         N/A       91%         2
 Scorch                   Fire           6%         2d5       91%         2
 Sublimation of Blood     Necr           3%         N/A       91%         2
 Wereblood                Tmut           3%         N/A       91%         2
 Conjure Flame            Conj/Fire      3%         6-21      99%         3
 Ignite Poison            Fire/Tmut/Pois 3%         N/A       99%         3
 Mephitic Cloud           Conj/Pois/Air  3%         N/A       99%         3
 Portal Projectile        Hex/Tloc       6%         N/A       99%         3
 Spider Form              Tmut/Pois      3%         N/A       99%         3
 Tukima's Dance           Hex            3%         N/A       99%         3
 Anguish                  Hex/Necr       1%         N/A       100%        4
 Cause Fear               Hex            1%         N/A       100%        4
 Flame Wave               Conj/Fire      3%         2d4       100%        4
 Hailstorm                Conj/Ice       3%         3d3       100%        4
 Passage of Golubria      Tloc           3%         N/A       100%        4
 Sticky Flame             Conj/Fire      3%         2d3       100%        4
 Blade Hands              Tmut           1%         N/A       100%        5
 Excruciating Wounds      Necr           1%         N/A       100%        5
 Freezing Cloud           Conj/Ice/Air   1%         6-21      100%        5
 Silence                  Hex/Air        1%         N/A       100%        5
 Dispersal                Tloc           1%         N/A       100%        6
 Summon Cactus Giant      Summ           1%         N/A       100%        6
 Dragon Form              Tmut           1%         N/A       100%        7
 Enfeeble                 Hex            1%         N/A       100%        7
 Summon Hydra             Summ           1%         N/A       100%        7
 Disjunction              Tloc           1%         N/A       100%        8
 Lehudib's Crystal Spear  Conj/Erth      1%         10d2      100%        8
 Dragon's Call            Summ           1%         N/A       100%        9
 Polar Vortex             Ice            1%         N/A       100%        9


Dungeon Overview and Level Annotations

Branches:
Dungeon (15/15)            Temple (1/1) D:5            Lair (6/6) D:9
 Shoals (2/4) Lair:2        Snake (0/4) Lair:3        Slime (0/5) Lair:5
    Orc (2/2) D:11            Elf (0/3) Orc:2        Vaults (0/5) D:14
 Depths (0/4) D:15          Sewer (visited)         Gauntlet (visited)

Altars:
Ashenzari
Cheibriados
Elyvilon
Fedhas
Gozag
Hepliaklqana
Makhleb
Nemelex Xobeh
Okawaru
Ru
Trog
Yredelemnul
Zin

Shops:
D:3 :   D:6 !   D:13 (!![   Orc:2 **:[*!

Annotations:
D:15 2 transporters, Coirr's ghost, adept FoGl


Innate Abilities, Weirdness & Mutations

You are resistant to damage.
You can heal yourself by infusing magical energy.
You resist negative energy. (rN+)
You passively map the area around you.
You do not regenerate.
You are agile. (Dex +2)
Your muscles are strong. (Str +2)


Message History

You slash the merfolk aquamancer! You burn the merfolk aquamancer.
The merfolk aquamancer is lightly wounded.
The merfolk aquamancer hits you with a +2 rapier of venom!
The merfolk avatar chants a haunting song.
You are mesmerised by the merfolk avatar!
You hear a shout!
You hit the merfolk aquamancer. You burn the merfolk aquamancer.
The merfolk aquamancer is moderately wounded.
A nearby plant withers and dies. x2
A centaur warrior comes into view.
The merfolk aquamancer barely misses you.
The merfolk avatar chants its luring song.
The merfolk barely misses you.
You slice the merfolk aquamancer!! You burn the merfolk aquamancer.
The merfolk aquamancer is severely wounded.
The pull of its song draws you forwards.
The merfolk aquamancer hits you but does no damage.
The merfolk hits you but does no damage.
The merfolk avatar chants its luring song.
The merfolk barely misses you.
You slice the water elemental!! You burn the water elemental!!
You destroy the water elemental!
You slash the merfolk! You burn the merfolk.
You closely miss the merfolk aquamancer.
You slash the merfolk avatar! You burn the merfolk avatar.
A nearby plant withers and dies.
The merfolk aquamancer gestures at you while chanting.
The torrent of water hits you!!!
* * * LOW HITPOINT WARNING * * *
You are knocked back by the torrent of water.
You collide with the merfolk avatar!
The merfolk avatar is heavily wounded.
* * * LOW HITPOINT WARNING * * *
The wave splashes down.
The merfolk hits you from afar with a +0 trident.
* * * LOW HITPOINT WARNING * * *
The merfolk avatar chants its luring song.
The merfolk hits you with a +0 trident!
You die...
Your body crumbles into a pile of gold.

≈ ≈≈≈
≈≈≈≈≈≈≈≈≈≈≈....".##.≈≈≈
≈≈
≈≈≈≈≈≈≈≈≈≈≈........)≈≈≈≈
≈
.P≈≈≈≈≈≈≈≈.####..≈≈)≈)≈≈
.≈≈≈≈≈≈≈≈≈.# #.≈≈≈≈≈≈≈≈ ≈
≈≈P≈≈≈≈≈≈≈.## #.≈≈≈≈≈≈≈≈
≈ P≈≈....≈....#
#.≈≈≈≈≈≈≈≈ ≈
≈≈.....≈≈...###.≈≈≈≈≈≈≈≈
≈≈≈≈.mmm≈≈.....≈≈≈≈≈≈≈≈≈
≈≈ ≈
≈≈≈≈≈E$@≈≈≈≈≈≈≈≈≈≈≈≈≈≈≈≈
≈≈.≈P≈≈m≈≈≈≈≈≈≈≈≈≈≈≈≈≈≈≈
≈
≈≈P≈PPP≈≈≈≈≈≈≈≈≈≈≈≈≈≈≈≈≈≈
≈
≈PPPP≈≈c≈≈≈≈≈≈≈≈≈≈≈≈≈≈≈≈
≈PPP≈P≈≈≈≈≈≈≈≈≈≈≈≈≈≈≈≈≈≈
≈
≈.$P≈P≈≈≈≈≈≈≈≈≈≈≈≈≈≈≈≈≈≈≈
≈≈≈≈≈≈≈≈≈≈≈≈≈≈≈≈≈≈≈≈≈≈≈≈≈
≈≈ ≈≈≈≈≈≈≈≈≈≈≈≈≈≈≈≈ ≈ ≈
≈≈≈ ≈ ≈ ≈ ≈≈ ≈≈ ≈


You could see a merfolk avatar (mesmerising), a merfolk aquamancer, 2 merfolk, a
centaur warrior and a water elemental.

Vanquished Creatures
  Nikola (Shoals:1)
  Jorgrun (Orc:2)
  Kirke (D:13)
  Donald (Shoals:1)
  An orc warlord (Orc:1)
  A fire giant (D:15)
  A reaper (D:15)
  Nessos (D:14)
  Snorg (D:11)
  A merfolk javelineer (Shoals:1)
  A minotaur (Gauntlet)
  4 merfolk impalers
  4 vault guards (D:14)
  Fannar (Lair:1)
  3 boulder beetles
  Harold (D:8)
  3 ogre magi
  A catoblepas (D:13)
  3 hydras
  10 centaur warriors
  2 death knights
  A merfolk aquamancer (Shoals:2)
  9 death yaks
  Urug (D:13)
  3 tengu warriors
  16 two-headed ogres
  3 orc high priests (Orc:2)
  The ghost of Zeocecaw the Covert, a journeyman SpAE of Fedhas (Lair:1)
  A soul eater (Gauntlet)
  A death drake (Shoals:1)
  4 skeletal warriors (D:15)
  4 sea snakes (Shoals:1)
  2 sixfirhies (Gauntlet)
  A wizard (D:14)
  6 orc knights
  An ugly thing (D:13)
  4 orc sorcerers (Orc:2)
  4 deep elf pyromancers
  7 manticores
  4 oklob plants (Lair:3)
  8 cyclopes
  3 fauns (Shoals:1)
  16 elephants
  Maurice (D:13)
  2 merfolk sirens (Shoals:1)
  2 gargoyles (D:12)
  11 cane toads
  2 black mambas
  A torpor snail (Lair:4)
  A rime drake (Lair:5)
  2 efreet
  2 yaktaurs (D:12)
  2 kobold demonologists
  2 freezing wraiths (D:13)
  7 komodo dragons
  A queen bee (Lair:3)
  A tengu conjurer (D:15)
  12 merfolk
  7 trolls
  6 hornets
  Grinder (D:3)
  A tarantella (shapeshifter) (D:12)
  5 polar bears
  15 blink frogs
  13 slime creatures
  2 dream sheep (Lair:6)
  A meliai zombie (D:11)
  A centaur simulacrum (D:15)
  2 snapping turtles
  2 vampires
  Sigmund (D:2)
  13 spriggans (Lair:6)
  5 flying skulls (Gauntlet)
  32 yaks
  5 wraiths
  2 water elementals (Shoals:2)
  8 humans (D:14)
  2 wyverns
  9 basilisks
  2 hogs (D:13)
  18 vampire mosquitoes
  4 steam dragons
  2 wargs
  16 water moccasins
  4 nagas (Lair:3)
  An ice beast (D:6)
  2 sky beasts (D:7)
  A hornet zombie (D:8)
  30 orc warriors
  5 black bears
  2 necrophages
  8 boggarts
  36 wolves
  An ogre (shapeshifter) (D:15)
  7 ogres
  16 centaurs
  Blork the orc (D:4)
  3 kobold brigands
  13 bullfrogs
  A gnoll sergeant (D:7)
  A scorpion (D:3)
  A wyvern skeleton (D:7)
  2 water moccasin skeletons (D:5)
  39 killer bees
  16 wights
  9 howler monkeys
  2 vampire bats (Orc:1)
  3 electric eels (D:9)
  A bullfrog zombie (D:6)
  5 centaur zombies
  2 centaur skeletons
  9 hounds
  A bullfrog skeleton (D:5)
  14 orc priests
  12 jellies
  4 iguanas
  Jessica (D:2)
  A gnoll shaman (D:7)
  Terence (D:3)
  21 orc wizards
  A howler monkey zombie (D:8)
  Robin (D:2)
  18 gnolls
  A howler monkey skeleton (D:5)
  7 adders
  3 river rats
  5 shadow imps
  An adder skeleton (D:4)
  7 worms
  A worm (shapeshifter) (D:12)
  3 dart slugs
  84 orcs
  18 endoplasms
  7 giant cockroaches
  12 goblins
  13 hobgoblins
  9 quokkas
  10 ball pythons
  14 bats
  6 frilled lizards
  17 kobolds
  11 rats
892 creatures vanquished.

Vanquished Creatures (collateral kills)
  An orc wizard (Orc:2)
  An orc (Orc:2)
2 creatures vanquished.

Vanquished Creatures (others)
  A skeletal warrior (D:15)
  2 merfolk (Shoals:1)
  A human (D:13)
  A killer bee (Lair:3)
  A howler monkey (D:13)
  A white imp (D:6)
  22 fungi
  40 plants
69 creatures vanquished.

Grand Total: 963 creatures vanquished

Notes
Turn   | Place    | Note
-------+----------+-------------------------------------------
     0 | D:1      | Dorkslayer the Deep Dwarf Fighter began the quest for the
                  | Orb.
     0 | D:1      | Reached XP level 1. HP: 20/20 MP: 1/1
   127 | D:1      | Reached XP level 2. HP: 24/27 MP: 3/3
   259 | D:1      | Found a faded altar of an unknown god.
   473 | D:2      | Identified the +10 war axe of Foul Odours {flame, rElec
                  | rPois Str-2 Stlth+}
   492 | D:2      | Found a bloodstained altar of Trog.
   616 | D:2      | Noticed Sigmund
   622 | D:2      | Killed Sigmund
   623 | D:2      | Reached skill level 1 in Axes
   623 | D:2      | Reached skill level 1 in Dodging
   623 | D:2      | Reached skill level 1 in Spellcasting
   623 | D:2      | Reached XP level 3. HP: 26/34 MP: 3/5
   623 | D:2      | Reached XP level 4. HP: 33/42 MP: 3/6
   623 | D:2      | Reached XP level 5. HP: 38/49 MP: 3/7
   741 | D:2      | Noticed Jessica
   743 | D:2      | Killed Jessica
   846 | D:2      | Reached skill level 1 in Stealth
  1002 | D:2      | Noticed Robin
  1007 | D:2      | Killed Robin
  1008 | D:2      | Reached skill level 2 in Axes
  1047 | D:3      | Noticed a necrophage
  1052 | D:3      | Killed a necrophage
  1053 | D:3      | Reached XP level 6. HP: 37/56 MP: 8/8
  1065 | D:3      | Noticed Grinder
  1073 | D:3      | Killed Grinder
  1074 | D:3      | Reached skill level 3 in Axes
  1074 | D:3      | Reached XP level 7. HP: 45/62 MP: 8/10
  1160 | D:3      | Reached skill level 4 in Axes
  1271 | D:3      | Found Toisiosm's Book Shop.
  1453 | D:3      | Found a blossoming altar of Fedhas.
  1453 | D:3      | Noticed Terence
  1467 | D:3      | Killed Terence
  1518 | D:3      | Reached skill level 1 in Throwing
  2000 | D:4      | Noticed Blork the orc
  2010 | D:4      | Killed Blork the orc
  2064 | D:4      | Reached skill level 5 in Axes
  2064 | D:4      | Reached XP level 8. HP: 47/69 MP: 11/11
  2559 | D:5      | Entered Level 5 of the Dungeon
  2779 | D:5      | Reached skill level 5 in Evocations
  2821 | D:5      | Found a staircase to the Ecumenical Temple.
  2827 | Temple   | Entered the Ecumenical Temple
  2836 | Temple   | Became a worshipper of Gozag Ym Sagoz the Greedy
  2861 | D:5      | Found a broken altar of Ashenzari.
  3426 | D:6      | Found a glowing drain.
  3438 | Sewer    | Entered a sewer
  3718 | Sewer    | Reached skill level 6 in Axes
  3729 | Sewer    | Identified the ring of the Coward {+Blink rF++ rC+}
  3826 | D:6      | Reached skill level 5 in Armour
  3862 | D:6      | Noticed a troll
  3871 | D:6      | Killed a troll
  3872 | D:6      | Gained mutation: You passively map the area around you.
                  | [Deep Dwarf growth]
  3872 | D:6      | Reached XP level 9. HP: 42/78 MP: 13/13
  3921 | D:6      | Found a snail-covered altar of Cheibriados.
  4187 | D:6      | Found Umpugit's Distillery.
  4222 | D:6      | Bought a potion of attraction for 36 gold pieces
  4222 | D:6      | Bought a potion of mutation for 96 gold pieces
  4222 | D:6      | Bought a potion of curing for 36 gold pieces
  4222 | D:6      | Bought a potion of invisibility for 96 gold pieces
  4222 | D:6      | Bought a potion of might for 48 gold pieces
  4222 | D:6      | Bought a potion of might for 48 gold pieces
  4222 | D:6      | Bought a potion of brilliance for 48 gold pieces
  4222 | D:6      | Bought a potion of resistance for 120 gold pieces
  4583 | D:7      | Reached skill level 7 in Axes
  4716 | D:7      | Reached skill level 5 in Shields
  5066 | D:7      | Found a basalt altar of Yredelemnul.
  5576 | D:8      | Found a bloodstained altar of Trog.
  5844 | D:8      | Reached XP level 10. HP: 59/87 MP: 13/13
  5905 | D:8      | Identified the +5 ring mail "Hahyam" {rF+ Dex+2}
  5940 | D:8      | Reached skill level 8 in Axes
  6189 | D:8      | Noticed Harold
  6198 | D:8      | Killed Harold
  6214 | D:8      | Reached skill level 5 in Fighting
  6396 | D:8      | Found a hazy altar of Hepliaklqana.
  6398 | D:8      | Found a sparkling altar of Nemelex Xobeh.
  6401 | D:8      | Found an iron altar of Okawaru.
  6402 | D:8      | Found a burning altar of Makhleb.
  6510 | D:9      | Found a staircase to the Lair.
  6555 | D:9      | Reached skill level 5 in Spellcasting
  6844 | D:9      | Noticed a centaur warrior
  6855 | D:9      | Reached skill level 9 in Axes
  6859 | D:9      | Killed a centaur warrior
  6860 | D:9      | Reached XP level 11. HP: 45/96 MP: 15/15
  7093 | D:9      | Found a glowing silver altar of Zin.
  7278 | D:10     | Entered Level 10 of the Dungeon
  8117 | D:10     | Noticed a two-headed ogre
  8125 | D:10     | Killed a two-headed ogre
  8338 | D:11     | Found a staircase to the Orcish Mines.
  8354 | D:11     | Reached skill level 10 in Axes
  8550 | D:11     | Found a hazy altar of Hepliaklqana.
  8755 | D:11     | Reached skill level 5 in Throwing
  8785 | D:11     | Noticed Snorg
  8799 | D:11     | Killed Snorg
  8815 | D:11     | Noticed a centaur warrior
  8824 | D:11     | Killed a centaur warrior
  9115 | D:12     | Noticed a deep elf pyromancer
  9124 | D:12     | Killed a deep elf pyromancer
  9125 | D:12     | Reached XP level 12. HP: 75/106 MP: 16/16
  9268 | D:12     | Noticed a two-headed ogre
  9274 | D:12     | Killed a two-headed ogre
  9280 | D:12     | Noticed a boulder beetle
  9292 | D:12     | Killed a boulder beetle
  9312 | D:12     | Noticed an ogre mage
  9329 | D:12     | Killed an ogre mage
  9330 | D:12     | Noticed a centaur warrior
  9333 | D:12     | Killed a centaur warrior
  9336 | D:12     | Noticed a death knight
  9353 | D:12     | Killed a death knight
  9692 | D:12     | Reached skill level 10 in Evocations
  9736 | D:12     | Reached skill level 11 in Axes
  9828 | D:12     | Reached skill level 5 in Stealth
  9969 | D:13     | Found Qipu's Distillery.
  9970 | D:13     | Noticed a catoblepas
  9977 | D:13     | Noticed Urug
  9992 | D:13     | Killed a catoblepas
 10003 | D:13     | Killed Urug
 10015 | D:13     | Found Liriniwk's Distillery.
 10049 | D:13     | Noticed a centaur warrior
 10058 | D:13     | Killed a centaur warrior
 10065 | D:13     | Reached XP level 13. HP: 30/115 MP: 18/18
 10197 | D:13     | Noticed Kirke
 10215 | D:13     | Killed Kirke
 10290 | D:13     | Noticed Maurice
 10305 | D:13     | Killed Maurice
 10358 | D:13     | Found Comekk's Antique Armour Emporium.
 10376 | D:13     | Bought a pair of distressingly furry gloves for 285 gold
                  | pieces
 10376 | D:13     | Identified the +2 pair of gloves of Least Resistance {rPois
                  | Str+7 Int-4} (You bought it in a shop on level 13 of the
                  | Dungeon)
 10376 | D:13     | Bought a runed plate armour for 780 gold pieces
 10376 | D:13     | Bought a pair of runed boots for 225 gold pieces
 10376 | D:13     | Bought a pair of embroidered boots for 225 gold pieces
 10441 | D:13     | Found Irhujy's Antique Weapon Emporium.
 10462 | D:13     | Bought a buzzing long sword for 280 gold pieces
 10462 | D:13     | Identified the +9 long sword "Mauwots" {drain, rF+ rCorr
                  | Dex-4 Stlth+} (You bought it in a shop on level 13 of the
                  | Dungeon)
 10549 | D:13     | Bought 2 potions of curing for 108 gold pieces
 10549 | D:13     | Bought a potion of might for 72 gold pieces
 10549 | D:13     | Bought a potion of curing for 54 gold pieces
 10806 | D:14     | Reached skill level 12 in Axes
 10806 | D:14     | Reached skill level 10 in Armour
 10953 | D:14     | Reached skill level 10 in Shields
 11056 | D:14     | Found a gate to the Vaults.
 11592 | D:14     | Noticed Nessos
 11598 | D:14     | Killed Nessos
 11691 | D:15     | Entered Level 15 of the Dungeon
 11697 | D:15     | Gained mutation: You resist negative energy. (rN+) [Deep
                  | Dwarf growth]
 11697 | D:15     | Reached XP level 14. HP: 73/127 MP: 20/20
 11869 | D:15     | Found a staircase to the Depths.
 11869 | D:15     | Noticed a fire giant
 11887 | D:15     | Killed a fire giant
 12025 | D:15     | Found a transporter.
 12027 | D:15     | Noticed Coirr's ghost (adept FoGl)
 12027 | D:15     | Noticed a storm dragon
 12028 | D:15     | Found a transporter.
 12041 | D:15     | Noticed a reaper
 12087 | D:15     | Killed a reaper
 12088 | D:15     | Reached skill level 13 in Axes
 12126 | D:15     | Found the +1 cloak of Starlight {*Dazzle EV+4 Stlth--}
 12214 | D:15     | Found the +5 scythe "Finisher" {speed, eviscerate}
 12523 | Lair:1   | Entered Level 1 of the Lair of Beasts
 12544 | Lair:1   | Noticed Fannar
 12552 | Lair:1   | Killed Fannar
 12781 | Lair:1   | Found a runed translucent gate.
 12781 | Lair:1   | Found a runed translucent gate.
 12781 | Lair:1   | Found a runed translucent gate.
 12792 | Lair:1   | Noticed Zeocecaw's ghost (journeyman SpAE)
 12801 | Lair:1   | Killed Zeocecaw's ghost
 13562 | Lair:2   | Got Zuhaats's Collected Works on the Ashen Glacier
 13646 | Lair:2   | Found a staircase to the Shoals.
 13868 | Lair:3   | Reached XP level 15. HP: 106/136 MP: 14/14
 14028 | Lair:3   | Found a staircase to the Snake Pit.
 14082 | Lair:3   | Found a gate leading to a gauntlet.
 14376 | Gauntlet | Entered a Gauntlet
 14376 | Gauntlet | Found a transporter.
 14376 | Gauntlet | Found a transporter.
 14382 | Gauntlet | Found a transporter.
 14396 | Gauntlet | Found a transporter.
 14408 | Gauntlet | Found a large runed translucent door.
 14409 | Gauntlet | Found a large runed translucent door.
 14409 | Gauntlet | Found a large runed translucent door.
 14409 | Gauntlet | Found a large runed translucent door.
 14410 | Gauntlet | Found a large runed translucent door.
 14410 | Gauntlet | Found a large runed translucent door.
 14410 | Gauntlet | Found a large runed translucent door.
 14410 | Gauntlet | Found a large runed translucent door.
 14411 | Gauntlet | Found a runed translucent door.
 14411 | Gauntlet | Found a runed translucent gate.
 14412 | Gauntlet | Found a transporter.
 14412 | Gauntlet | Found a transporter.
 14412 | Gauntlet | Found a runed translucent gate.
 14413 | Gauntlet | Found a runed translucent door.
 14413 | Gauntlet | Found a runed translucent gate.
 14419 | Gauntlet | Found a transporter.
 14422 | Gauntlet | Found a transporter.
 14422 | Gauntlet | Found a transporter.
 14475 | Gauntlet | Found a transporter.
 14505 | Gauntlet | Found a large runed translucent door.
 14506 | Gauntlet | Found a large runed translucent door.
 14506 | Gauntlet | Found a large runed translucent door.
 14506 | Gauntlet | Found a large runed translucent door.
 14507 | Gauntlet | Found a large runed translucent door.
 14507 | Gauntlet | Found a large runed translucent door.
 14507 | Gauntlet | Found a large runed translucent door.
 14507 | Gauntlet | Found a large runed translucent door.
 14513 | Gauntlet | Found a transporter.
 14670 | Gauntlet | Found a transporter.
 14676 | Gauntlet | Found a transporter.
 14690 | Gauntlet | Identified the +0 pair of gloves of Wuty {Dex+3}
 14695 | Gauntlet | Found a transporter.
 14707 | Gauntlet | Identified the +4 ring mail of the Soldier {rPois Int+5}
 15385 | Lair:4   | Reached skill level 14 in Axes
 16224 | Lair:5   | Found a staircase to the Slime Pits.
 16604 | Lair:5   | Reached skill level 10 in Fighting
 16737 | Lair:6   | Entered Level 6 of the Lair of Beasts
 17510 | Lair:6   | Identified the +1 long sword "Font" {flame, Str+3}
 18006 | D:3      | Bought a manual of Stealth for 800 gold pieces
 18315 | D:13     | Bought a potion of curing for 33 gold pieces
 18315 | D:13     | Bought a potion of curing for 33 gold pieces
 18315 | D:13     | Bought a potion of mutation for 88 gold pieces
 18372 | Orc:1    | Entered Level 1 of the Orcish Mines
 18667 | Orc:1    | Noticed an orc warlord
 18690 | Orc:1    | Killed an orc warlord
 18792 | Orc:1    | Reached XP level 16. HP: 99/147 MP: 14/14
 19003 | Orc:2    | Entered Level 2 of the Orcish Mines
 19057 | Orc:2    | Noticed Jorgrun
 19072 | Orc:2    | Killed Jorgrun
 19456 | Orc:2    | Found Buz Ziupa's Distillery.
 19456 | Orc:2    | Found Hourucux's Book Boutique.
 19536 | Orc:2    | Found Omec's General Store.
 19536 | Orc:2    | Found Epen's Armour Shoppe.
 19614 | Orc:2    | Bought a potion of might for 64 gold pieces
 19614 | Orc:2    | Bought a potion of invisibility for 128 gold pieces
 19614 | Orc:2    | Bought a potion of might for 64 gold pieces
 19616 | Orc:2    | Bought a scroll of immolation for 49 gold pieces
 19616 | Orc:2    | Bought a scroll of enchant armour for 105 gold pieces
 19616 | Orc:2    | Bought a scroll of teleportation for 42 gold pieces
 19616 | Orc:2    | Bought a potion of berserk rage for 70 gold pieces
 19616 | Orc:2    | Bought a scroll of enchant weapon for 105 gold pieces
 19665 | Orc:2    | Bought a potion of mutation for 128 gold pieces
 19665 | Orc:2    | Gained mutation: You are frail. (-10% HP) [potion of
                  | mutation]
 19665 | Orc:2    | Gained mutation: You are agile. (Dex +2) [potion of
                  | mutation]
 19666 | Orc:2    | Lost mutation: You are agile. (Dex +2) [potion of mutation]
 19666 | Orc:2    | Lost mutation: You are frail. (-10% HP) [potion of
                  | mutation]
 19666 | Orc:2    | Gained mutation: You are dopey. (Int -2) [potion of
                  | mutation]
 19666 | Orc:2    | Gained mutation: Your system is resistant to poisons.
                  | (rPois) [potion of mutation]
 19666 | Orc:2    | Gained mutation: You are agile. (Dex +2) [potion of
                  | mutation]
 19667 | Orc:2    | Lost mutation: Your system is resistant to poisons. (rPois)
                  | [potion of mutation]
 19667 | Orc:2    | Lost mutation: You are dopey. (Int -2) [potion of mutation]
 19667 | Orc:2    | Gained mutation: You are very agile. (Dex +4) [potion of
                  | mutation]
 19667 | Orc:2    | Gained mutation: You are resistant to electric shocks.
                  | (rElec) [potion of mutation]
 19667 | Orc:2    | Gained mutation: You sometimes lose the ability to read
                  | scrolls when taking damage. [potion of mutation]
 19668 | Orc:2    | Lost mutation: You sometimes lose the ability to read
                  | scrolls when taking damage. [potion of mutation]
 19668 | Orc:2    | Lost mutation: You are resistant to electric shocks.
                  | (rElec) [potion of mutation]
 19668 | Orc:2    | Lost mutation: You are very agile. (Dex +4) [potion of
                  | mutation]
 19668 | Orc:2    | Gained mutation: Your muscles are strong. (Str +2) [potion
                  | of mutation]
 19705 | Orc:2    | Found a staircase to the Elven Halls.
 19788 | Orc:2    | Bought a tin of tremorstones (2/2) for 680 gold pieces
 19790 | Orc:2    | Bought a wand of flame (8) for 29 gold pieces
 19790 | Orc:2    | Bought a scroll of blinking for 217 gold pieces
 19790 | Orc:2    | Bought 2 potions of heal wounds for 290 gold pieces
 20036 | Shoals:1 | Entered Level 1 of the Shoals
 20059 | Shoals:1 | Noticed Nikola
 20076 | Shoals:1 | Noticed Donald
 20083 | Shoals:1 | Killed Donald
 20106 | Shoals:1 | Killed Nikola
 20710 | Shoals:2 | Reached skill level 15 in Axes
 20809 | Shoals:2 | HP: 6/148 [merfolk avatar collision (31)]
 20809 | Shoals:2 | Mangled by a merfolk

Illustrated notes

Levels and vault maps discovered:
D:1:      dpeg_arrival_stone_temple_mockup, layout_rooms,
          hellmonk_ecumenical_altar_heavens_door, chequers_jeans,
          hangedman_glass_teeth
D:2:      layout_loops_ring, basic_altar, minmay_split_cup_small, uniq_jessica,
          uniq_robin, uniq_sigmund
D:3:      layout_loops_ring, mainiacjoe_overflow_concentric_impassable,
          serial_shops, shop, grunt_ministairs_1, uniq_grinder, uniq_terence
D:4:      layout_basic, serial_curves, eino_curves_01, eino_curves_02,
          eino_curves_04, eino_curves_02, uniq_blork_the_orc
D:5:      layout_basic, cheibrodos_ashenzari_chains, temple_green,
          kennysheep_generic_room_8
D:6:      nicolae_cairo_tiling_large_dashed, layout_loops_cross,
          cheibrodos_worm_habitat, serial_shops, shop,
          lightli_sewer_entry_pipes, grunt_decor_arrowhead
D:7:      layout_cave_pods, kennysheep_mini, serial_column_ruins,
          column_ruins_hut_pillars, column_ruins_square_huge,
          column_ruins_columns_straight, column_ruins_columns_corner,
          column_ruins_open_medium, column_ruins_grid_1,
          column_ruins_columns_dead_end, column_ruins_open_small,
          column_ruins_grid_1
D:8:      layout_basic, minitemple, serial_curves, eino_curves_03,
          eino_curves_01, eino_curves_01, eino_curves_01, uniq_harold
D:9:      layout_loops_ring, lemuel_doored_altar, erik_lair_island
D:10:     layout_stronghold
D:11:     layout_loops_ring, erik_orc_3, minmay_misc_feat_four_crosses,
          nicolae_hepliaklqana_hippocampus, uniq_snorg
D:12:     minmay_triangles_in_corner, layout_irregular_city
D:13:     layout_loops_ring, serial_shops, shop, shop_fountains, shop_fountains,
          shop, st_stairs_7, lightli_fourway_metalbox, uniq_maurice, uniq_kirke,
          uniq_urug
D:14:     layout_irregular_city, ximxim_vaults_locker_room,
          nrook_mini_backslash, uniq_nessos
D:15:     grunt_enter_depths_giant_problem, layout_cave_pools,
          gammafunk_ghost_arena, serial_glass, glass_columns_b, glass_columns_b,
          glass_columns_c, glass_columns_a, glass_columns_a, glass_columns_a,
          glass_columns_a, glass_columns_a, minmay_guarded_unrand_finisher
Temple:   hc_temple_tempest_star
Lair:1:   layout_long_grid, ebering_ghost_rock_garden, uniq_fannar
Lair:2:   layout_cave_pods, minmay_shoals_entry_hut,
          nicolae_quartered_pool_impasse
Lair:3:   hangedman_what_comes_after_a, layout_small_grid,
          minmay_snake_entry_guardpost_small, gauntlet_entry_generic
Lair:4:   layout_cave_pods, minivault_19, serial_bayou_shore_b,
          lemuel_fruit_tree, grunt_megastairs_3
Lair:5:   layout_regular_city, minmay_slime_entry_jelly_boxes
Lair:6:   minmay_lair_end_enchanted_forest, layout_cave_pods
Shoals:1: layout_shoals, nicolae_shoals_lost_giant_baths, uniq_nikola,
          uniq_donald
Shoals:2: layout_shoals, uniq_ilsuiw
Orc:1:    layout_caves, roderic_batcave
Orc:2:    st_orc_elflike, layout_diamond_mine, uniq_jorgrun

Skill      XL: |  1  2  3  4  5  6  7  8  9 10 11 12 13 14 15 16 |
---------------+-------------------------------------------------+-----
Fighting       | 3 4 5 6 7 8 9 10 | 10.8
Long Blades    | 3 |  3.3
Axes           | 1 2 3 5 6 7 9 10 11 12 13 14 15 | 15.0
Dodging        | 1 2 3 4 |  4.3
Spellcasting   | 1 2 3 4 5 6 7 8 9 |  9.3
Evocations     | 2 3 4 5 6 8 9 10 11 12 13 14 | 14.2
Stealth        | 1 2 3 4 5 6 8 |  8.3
Armour         | 4 5 6 7 8 9 10 11 12 | 12.6
Throwing       | 1 2 3 4 5 6 7 |  7.8
Shields        | 4 5 6 7 9 10 12 13 | 13.9

Action                   |  1- 3 |  4- 6 |  7- 9 | 10-12 | 13-15 | 16-18 || total
-------------------------+-------+-------+-------+-------+-------+-------++-------
Melee: Long sword        |    59 |       |       |       |       |       ||    59
       War axe           |     5 |    26 |   303 |   345 |   971 |   207 ||  1857
Throw: Javelin           |       |    15 |    21 |    40 |    52 |    12 ||   140
       Dart              |       |     3 |       |       |       |       ||     3
       Throwing net      |       |       |       |     1 |     7 |     4 ||    12
       Boomerang         |       |       |       |       |     5 |    10 ||    15
Invok: Potion Petition   |       |       |       |       |     1 |       ||     1
       Call Merchant     |       |       |       |       |       |     2 ||     2
 Abil: Heal Wounds       |       |     1 |     6 |    11 |    33 |    13 ||    64
Evoke: Wand              |       |       |    21 |    34 |    23 |     7 ||    85
       Condenser vane    |       |       |       |       |     1 |       ||     1
       Tin of tremorston |       |       |       |       |       |     2 ||     2
  Use: Scroll            |       |       |     7 |     6 |     8 |     4 ||    25
       Potion            |       |       |     1 |     8 |    16 |    14 ||    39
 Stab: Sleeping          |       |       |     4 |     2 |       |       ||     6
       Distracted        |       |       |     1 |     4 |     6 |     1 ||    12
       Invisible         |       |       |       |     4 |    10 |       ||    14
Armor: Scale mail        |    26 |     8 |   107 |     6 |       |       ||   147
       Ring mail         |       |       |       |    51 |       |       ||    51
       Plate armour      |       |       |       |    77 |   255 |    73 ||   405
Dodge: Dodged            |    33 |     9 |   175 |   216 |   274 |    63 ||   770
Block: Buckler           |    18 |     4 |    65 |   191 |    23 |       ||   301
       Reflection        |       |       |       |    12 |    33 |    20 ||    65
       Kite shield       |       |       |       |       |   724 |   177 ||   901

Table legend: (Time is in decaauts)
 A = Elapsed time spent in this place.
 B = Non-inter-level travel time spent in this place.
 C = Inter-level travel time spent in this place.
 D = Time resting spent in this place.
 E = Time spent auto-exploring this place.
 F = Levels seen in this place.
 G = Mean time per level.
                   A        B        C        D        E       F      G
               +--------+--------+--------+--------+--------+-----+--------+
         Total |  21043 |  20122 |    921 |    179 |   3310 |  28 |  751.5 |
       Dungeon |  12993 |  12307 |    686 |    124 |   3151 |  15 |  866.2 |
        Temple |     18 |     18 |      0 |      0 |      0 |   1 |   18.0 |
          Lair |   4972 |   4788 |    184 |     37 |    159 |   6 |  828.7 |
        Shoals |    753 |    753 |      0 |      0 |      0 |   2 |  376.5 |
  Orcish Mines |   1508 |   1457 |     51 |     18 |      0 |   2 |  754.0 |
         Sewer |    394 |    394 |      0 |      0 |      0 |   1 |  394.0 |
      Gauntlet |    403 |    403 |      0 |      0 |      0 |   1 |  403.0 |
               +--------+--------+--------+--------+--------+-----+--------+

Top non-repeatable levels by time:
  Lair:3: 1059 daAuts
     D:6: 1057 daAuts
    D:10: 1046 daAuts
     D:7: 1016 daAuts
  Lair:6: 1004 daAuts
    D:11: 991 daAuts
    D:13: 958 daAuts
     D:9: 943 daAuts
     D:8: 923 daAuts
    D:14: 901 daAuts
    D:12: 894 daAuts
   Orc:2: 885 daAuts
     D:3: 885 daAuts
     D:5: 806 daAuts
  Lair:4: 759 daAuts
